 Dungeon Crawl Stone Soup version 0.14.2 (console) character file.

326 carlseen the Magician (level 5, -2/24 HPs)
             Began as a Spriggan Venom Mage on Jan 30, 2015.
             Slain by carlseen's ghost (3 damage)
             ... on Level 4 of the Dungeon.
             The game lasted 00:44:55 (4672 turns).

carlseen the Magician (Spriggan Venom Mage)         Turns: 4672, Time: 00:44:55

HP  -2/24        AC  2     Str  4      XL: 5   Next: 94%
MP  14/19        EV 19     Int 16      God:
Gold 68          SH  0     Dex 18      Spells:  3 memorised,  8 levels left

rFire  . . .     SeeInvis +     n - +0 spear
rCold  . . .     Clarity  .     a - +0 robe
rNeg   . . .     Conserve .     (shield restricted)
rPois  .         rCorr    .     (helmet restricted)
rElec  .         rRot     .     (no cloak)
SustAb . .       Spirit   .     (gloves unavailable)
rMut   .         Warding  .     (boots unavailable)
Saprov . . .     Stasis   +     f - amulet of stasis
MR     .....                    (no ring)
                                (no ring)

@: very slightly contaminated, drained, very quick, not resistant to hostile
enchantments, stealthy
A: unfitting armour, see invisible, herbivore 3, speed 3, slow metabolism 2
a: no special abilities


You were on level 4 of the Dungeon.
You were not hungry.

You visited 1 branch of the dungeon, and saw 4 of its levels.

You collected 68 gold pieces.

Inventory:

Hand weapons
 n - a +0,+0 spear (weapon)
Missiles
 q - 17 stones (quivered)
Armour
 a - a +0 robe (worn)
 m - a cursed +0 plate armour
 D - a cursed -1 leather armour
Magical devices
 z - a wand of frost (5)
Comestibles
 s - a banana
Scrolls
 e - 3 scrolls of noise {unknown}
 g - a scroll of enchant armour
 i - 2 scrolls of enchant weapon II {unknown}
 j - 3 scrolls of teleportation {unknown}
 k - 2 scrolls of identify
 r - a scroll of fog {unknown}
 t - 2 scrolls of amnesia
 v - a scroll of magic mapping
 w - 2 scrolls of remove curse {unknown}
 y - a scroll of fear {unknown}
 C - a scroll of enchant weapon I {unknown}
Jewellery
 f - an amulet of stasis (around neck)
 A - an uncursed amulet of warding {unknown}
Potions
 c - a potion of porridge
 d - 2 potions of might {unknown}
 l - a potion of paralysis {unknown}
 o - 6 potions of heal wounds {unknown}
 p - 2 potions of curing {unknown}
 u - a potion of mutation {unknown}
 x - a potion of cure mutation {unknown}
Books
 b - a Young Poisoner's Handbook

   Spells                             Type                      Level
   *Sting                             Conjuration/Poison           1
   *Cure Poison                       Poison                       2
   *Mephitic Cloud                    Conjuration/Poison/Air       3
   Olgreb's Toxic Radiance            Poison                       4
   Venom Bolt                         Conjuration/Poison           5


   Skills:
 + Level 0.1(0.0) Fighting
 + Level 0.1(0.0) Polearms
 + Level 0.2(0.0) Throwing
 + Level 3.9(3.5) Dodging
 + Level 3.2(2.8) Stealth
 + Level 5.0(4.6) Spellcasting
 + Level 1.8(1.5) Conjurations
 + Level 0.1(0.0) Air Magic
 + Level 5.0(4.6) Poison Magic


You had 8 spell levels left.
You knew the following spells:

 Your Spells              Type           Power        Failure   Level  Hunger
a - Sting                 Conj/Pois      ##..         6%          1    None
b - Mephitic Cloud        Conj/Pois/Air  ##......     21%         3    ###....
c - Cure Poison           Pois           ###.......   4%          2    #......


Dungeon Overview and Level Annotations

Branches:
Dungeon (4/15)
 Temple: D:4-7

Altars:
Cheibriados
Elyvilon
Kikubaaqudgha
Trog
The Shining One

Annotations:
D:4 Menkaure; carlseen's ghost, average SpAr


Innate Abilities, Weirdness & Mutations

You are tiny and cannot use many weapons and most armour.
You have supernaturally acute eyesight.
You are a herbivore.
You cover ground extremely quickly.
You need consume almost no food.


Message History

Casting: Mephitic Cloud
Confirm with . or Enter, or press ? or * to list all spells.
Aiming: Mephitic Cloud
Press: ? - help, Shift-Dir - straight line, f/p - carlseen's ghost
Aim: carlseen's ghost
Okay, then.
Casting: Mephitic Cloud
Confirm with . or Enter, or press ? or * to list all spells.
You can't see any susceptible monsters within range! (Use Z to cast anyway.)
Casting: Mephitic Cloud
Confirm with . or Enter, or press ? or * to list all spells.
Okay, then.
Carlseen's ghost closely misses you.
You miss carlseen's ghost. Carlseen's ghost closely misses you.
You hit carlseen's ghost.
Carlseen's ghost is lightly damaged.
Carlseen's ghost hits you!
* * * LOW HITPOINT WARNING * * *
You feel drained.
You die...

................#
..........<......#
..................#
.................##
.....##..........#
.....####...#...# #...#
#####...# .. ####...# ##.##
.... #......#### #.##
......#####.........######..###
..............p@..............#
..............................#
≈≈≈.≈≈.≈...≈≈≈.≈≈≈.≈..≈≈.≈≈≈.#
≈≈≈≈≈≈≈≈≈≈≈≈≈≈≈≈≈≈≈≈≈≈≈≈≈≈≈≈≈#
≈≈≈≈≈≈≈≈≈≈≈≈≈≈≈≈≈≈≈≈≈≈≈≈≈≈≈≈≈#
≈≈≈≈≈≈≈≈≈≈≈≈≈≈≈≈#####≈≈≈≈≈≈≈#
################ #≈≈≈≈≈≈≈#
#≈≈≈≈≈≈≈# #≈≈≈≈≈≈≈# #≈≈≈≈≈≈


You could see carlseen's ghost.

Vanquished Creatures
  A water moccasin skeleton (D:3)
  Jessica (D:2)
  Terence (D:3)
  3 gnolls (D:3)
  7 adders
  A giant mite (D:2)
  2 worms
  A giant gecko (D:3)
  2 oozes
  An orc (D:3)
  7 bats
  A bat skeleton (D:4)
  2 giant cockroaches
  4 goblins
  5 hobgoblins
  4 jackals (D:1)
  11 kobolds
  5 quokkas
  2 giant newts
  8 rats
69 creatures vanquished.

Notes
Turn   | Place    | Note
--------------------------------------------------------------
     0 | D:1      | carlseen, the Spriggan Venom Mage, began the quest for the Orb.
     0 | D:1      | Reached XP level 1. HP: 9/9 MP: 4/4
   604 | D:1      | Reached XP level 2. HP: 13/13 MP: 7/7
  1051 | D:1      | Reached XP level 3. HP: 12/16 MP: 8/11
  2103 | D:2      | Noticed Jessica
  2147 | D:2      | Killed Jessica
  2147 | D:2      | Reached skill level 1 in Conjurations
  2147 | D:2      | Reached XP level 4. HP: 5/21 MP: 7/14
  2524 | D:2      | Found a white marble altar of Elyvilon.
  2631 | D:2      | Found a glowing golden altar of the Shining One.
  2632 | D:2      | Found a bloodstained altar of Trog.
  2865 | D:3      | Noticed Terence
  2885 | D:2      | Learned a level 3 spell: Mephitic Cloud
  2888 | D:2      | Learned a level 2 spell: Cure Poison
  2915 | D:3      | Found a snail-covered altar of Cheibriados.
  2936 | D:3      | Found an ancient bone altar of Kikubaaqudgha.
  3093 | D:3      | Killed Terence
  3093 | D:3      | Reached XP level 5. HP: 24/24 MP: 7/18
  3201 | D:3      | Noticed Grinder
  3203 | D:3      | Paralysed by Grinder for 7 turns
  3218 | D:3      | Paralysed by Grinder for 5 turns
  4405 | D:3      | Reached skill level 5 in Spellcasting
  4405 | D:3      | Reached skill level 5 in Poison Magic
  4566 | D:4      | Noticed Menkaure
  4655 | D:4      | Noticed carlseen's ghost (average SpAr)
  4672 | D:4      | HP: 1/24 [carlseen's ghost (8)]
  4672 | D:4      | Slain by carlseen's ghost

Action                   |  1- 3 |  4- 6 || total
-------------------------+-------+-------++-------
Melee: Unarmed           |     4 |       ||     4
       Spear             |     9 |    38 ||    47
Throw: Stone             |    14 |       ||    14
       Dart              |     1 |       ||     1
 Cast: Sting             |    77 |   113 ||   190
       Mephitic Cloud    |       |     6 ||     6
  Use: Scroll            |       |     5 ||     5
